 Dungeon Crawl Stone Soup version 0.31-a0-446-g07c4bd200f (webtiles) character file.

Game seed: 16791676795854011159

99 Ethylacetat the Insei (level 4, -1/24 HPs)
             Began as a Vine Stalker Monk on Aug 3, 2023.
             Slain by an orc
             ... wielding a +0 flail
              (7 damage)
             ... on level 2 of the Dungeon.
             The game lasted 00:01:38 (1033 turns).

Ethylacetat the Insei (Vine Stalker Monk)           Turns: 1033, Time: 00:01:41

Health: -1/24      AC:  2    Str: 13    XL:     4   Next: 72%
Magic:  0/8        EV: 13    Int: 10    God:
Gold:   59         SH:  0    Dex: 19    Spells: 7/7 levels left

rFire   . . .        j - +2 dagger (venom)
rCold   . . .        c - orb {light}
rNeg    . . .        a - +0 robe
rPois   .            (no helmet)
rElec   .            (no cloak)
rCorr   .            (no gloves)
SInv    .            (no boots)
Will    .....        (no amulet)
Stlth   +            (no ring)
HPRegen 1.04/turn    (no ring)
MPRegen 0.11/turn

%: guardian spirit
@: glowing
A: fangs 2, regeneration 1, magic shield, antimagic bite, no potion heal 2
a: no special abilities


You were on level 2 of the Dungeon.
You visited 1 branch of the dungeon, and saw 2 of its levels.

You collected 59 gold pieces.

Inventory:

Hand Weapons
 j - a +2 dagger of venom (weapon)
Armour
 a - a +0 robe (worn)
 c - an orb of light (worn)
Scrolls
 e - a scroll of vulnerability {unknown}
 f - a scroll of enchant armour {unknown}
 h - a scroll of teleportation {unknown}
 i - a scroll of brand weapon {unknown}
 k - a scroll of identify {unknown}
Potions
 b - a potion of ambrosia
 d - a potion of enlightenment {unknown}
 g - a potion of attraction {unknown}
 l - 2 potions of heal wounds {unknown}


   Skills:
 + Level 3.5 Fighting
 - Level 2.4 Dodging
 + Level 3.8 Unarmed Combat
 + Level 2.2 Spellcasting


You had 7 spell levels left.
You didn't know any spells.
Your spell library was empty.

Dungeon Overview and Level Annotations

Branches:
Dungeon (2/15)

Altars:

Shops:
D:1 *


Innate Abilities, Weirdness & Mutations

You have extremely sharp teeth.
Your natural rate of healing is unusually fast.
When hurt, damage is shared between your health and your magic reserves.
Your bite disrupts and absorbs the magic of your enemies.
Potions cannot restore your health.


Message History

You hit the orc priest but do no damage.
The orc priest is poisoned.
Your bite misses the orc priest. The orc priest misses you.
You hit the orc priest.
The orc priest looks as sick as possible!
You bite the orc priest. You drain its power.
You feel invigorated.
The orc priest is heavily wounded.
An orc comes into view. It is wielding a +0 trident.
The orc priest hits you with a +0 flail.
You hit the orc priest.
The orc priest looks as sick as possible!
The orc priest is almost dead.
The orc priest hits you with a +0 flail.
You hit the orc priest.
The orc priest looks as sick as possible!
You bite the orc priest, but do no damage.
The orc priest is almost dead.
You kill the orc priest!
The orc closely misses you.
Your Spellcasting skill increases to level 2!
You hit the orc but do no damage. The orc hits you with a +0 hand axe.
The orc hits you with a +0 flail.
You hit the orc. Your bite misses the orc.
The orc is lightly wounded.
The orc hits you with a +0 hand axe. The orc barely misses you.
You completely miss the orc. You bite the orc. You drain its power.
You feel invigorated.
The orc is heavily wounded.
The orc hits you but does no damage.
You hit the orc.
The orc is poisoned.
The orc is almost dead.
The orc hits you from afar with a +0 trident.
The orc barely misses you. The orc closely misses you.
You barely miss the orc.
The orc is almost dead.
The orc hits you from afar with a +0 trident!
The orc hits you with a +0 hand axe.
* * * LOW HITPOINT WARNING * * *
The orc hits you with a +0 flail!
You die...

..?........######....# #(..#
.....................# #...#
..............#...#..# #..<#
.........[........#..........#
#####.............#..#...##..#
........)†..#....#.##... ...#
##........†.#....#.##.#......
...............#.# #. .#####
####.........@o..># #.
...........)o#### .
##.........o...
#..............#
#.##..........# #.........##
#.........) ##....##.###


You could see 3 orcs.

Vanquished Creatures
  An orc priest (D:2)
  Natasha (D:2)
  A worm (D:2)
  4 ball pythons
  5 endoplasms
  2 giant cockroaches (D:1)
  6 hobgoblins
  4 quokkas (D:1)
  3 bats
  A frilled lizard (D:1)
  6 goblins
  2 kobolds
  5 rats (D:1)
41 creatures vanquished.

Notes
Turn   | Place    | Note
-------+----------+-------------------------------------------
     0 | D:1      | Ethylacetat the Vine Stalker Monk began the quest for the
                  | Orb.
     0 | D:1      | Reached XP level 1. HP: 11/11 MP: 2/2
   107 | D:1      | Reached XP level 2. HP: 13/16 MP: 2/4
   316 | D:1      | Reached skill level 1 in Spellcasting
   424 | D:1      | Reached XP level 3. HP: 16/20 MP: 5/5
   765 | D:1      | Found Jeijed's General Store.
  1007 | D:2      | Noticed Natasha
  1015 | D:2      | Killed Natasha
  1016 | D:2      | Gained mutation: Your natural rate of healing is unusually
                  | fast. [Vine Stalker growth]
  1016 | D:2      | Reached XP level 4. HP: 20/24 MP: 3/7
  1033 | D:2      | Slain by an orc

Illustrated notes

Levels and vault maps discovered:
D:1:      lemuel_arrival_behind_the_door_large, layout_loops_ring, serial_shops,
          nicolae_shop_gibbet_a_chance
D:2:      layout_basic, uniq_natasha, uniq_robin

Skill      XL: |  1  2  3  4 |
---------------+-------------+-----
Fighting       | 3 |  3.5
Spellcasting   | 1 2 |  2.2
Dodging        | |  2.4
Unarmed Combat | |  3.8

Action                     |  1- 3 |  4- 6 || total
---------------------------+-------+-------++-------
  Melee: Unarmed           |    29 |       ||    29
         Bite              |    23 |     4 ||    27
         Dagger            |    55 |    11 ||    66
   Stab: Sleeping          |     1 |       ||     1
 Armour: Robe              |     9 |     1 ||    10
  Dodge: Dodged            |    44 |     5 ||    49

Table legend: (Time is in decaauts)
 A = Elapsed time spent in this place.
 B = Non-inter-level travel time spent in this place.
 C = Inter-level travel time spent in this place.
 D = Time resting spent in this place.
 E = Time spent auto-exploring this place.
 F = Levels seen in this place.
 G = Mean time per level.
                   A        B        C        D        E       F      G
               +--------+--------+--------+--------+--------+-----+--------+
         Total |   1030 |   1012 |     18 |      0 |    785 |   2 |  515.0 |
       Dungeon |   1030 |   1012 |     18 |      0 |    785 |   2 |  515.0 |
               +--------+--------+--------+--------+--------+-----+--------+

Top non-repeatable levels by time:
     D:1: 871 daAuts
     D:2: 158 daAuts
